 Dungeon Crawl Stone Soup version 0.24-a0-408-gcc1054c7ca (webtiles) character file.

Game seed: 18348593027351114252

168 MisterFreud the Conjurer (level 5, -1/31 HPs)
             Began as an Octopode Fire Elementalist on June 5, 2019.
             Was an Initiate of Cheibriados.
             Killed from afar by an orc wizard (7 damage)
             ... with a magic dart
             ... on level 2 of the Dungeon.
             The game lasted 00:06:32 (2966 turns).

MisterFreud the Conjurer (OpFE)                     Turns: 2966, Time: 00:06:33

Health: -1/31      AC:  2    Str:  8    XL:     5   Next: 48%
Magic:  1/9        EV: 14    Int: 19    God:    Cheibriados [......]
Gold:   78         SH:  0    Dex: 16    Spells: 5/9 levels left

rFire    . . .     SeeInvis .   i - +0 dagger
rCold    . . .     Gourm    .   (no shield)
rNeg     . . .     Faith    .   (helmet restricted)
rPois    .         Spirit   .   r - +3 amulet of reflection
rElec    .         Reflect  +   a - ring of resist corrosion
rCorr    +         Harm     .   o - +2 ring of dexterity
MR       .....                  s - +1 ring of protection
Stlth    ++........             (no ring)
HPRegen  0.10/turn              (no ring)
MPRegen  0.11/turn              (no ring)
                                (no ring)
                                (no ring)

@: confused, lethally poisoned (-1 -> -15), very slow
A: almost no armour, stealthy swim, amphibious, 8 rings, constrict 8, camouflage
1, gelatinous body 1
a: Bend Time, Renounce Religion


You were on level 2 of the Dungeon.
You worshipped Cheibriados.
Cheibriados was noncommittal.
You were hungry.

You visited 1 branch of the dungeon, and saw 3 of its levels.

You collected 78 gold pieces.

Inventory:

Hand Weapons
 h - a +0 spear
 i - a +0 dagger (weapon)
Missiles
 g - 46 sling bullets
 m - 59 stones (quivered)
Jewellery
 a - a ring of resist corrosion (left tentacle)
 o - a +2 ring of dexterity (right tentacle)
 r - a +3 amulet of reflection (around mantle)
 s - a +1 ring of protection (on tentacle)
Scrolls
 c - 2 scrolls of teleportation
 f - 5 scrolls of identify
 k - 2 scrolls of remove curse
 q - a scroll of immolation {unknown}
 u - a scroll of blinking {unknown}
 v - a scroll of fear {unknown}
Potions
 d - 2 potions of invisibility {unknown}
 e - 3 potions of degeneration
 j - 2 potions of curing {unknown}
 l - a potion of heal wounds {unknown}
 n - a potion of cancellation {unknown}
 p - 2 potions of might {unknown}
 t - a potion of flight {unknown}
Comestibles
 b - 2 rations


   Skills:
 - Level 2.0 Dodging
 - Level 2.6 Stealth
 + Level 2.8 Spellcasting
 + Level 3.9 Conjurations
 + Level 3.8 Fire Magic


You had 5 spell levels left.
You knew the following spells:

 Your Spells              Type           Power        Failure   Level  Hunger
a - Flame Tongue          Conj/Fire      ###..        3%          1    None
b - Conjure Flame         Conj/Fire      ###.....     10%         3    ###....

Your spell library contained the following spells:

 Spells                   Type           Power        Failure   Level  Hunger
 Throw Flame              Conj/Fire      ###...       4%          2    ##.....
 Inner Flame              Hex/Fire       ##......     22%         3    ###....
 Sticky Flame             Conj/Fire      ###.....     30%         4    ####...
 Fireball                 Conj/Fire      ###.......   65%         5    ######.


Dungeon Overview and Level Annotations

Branches:
Dungeon (3/15)

Altars:
Cheibriados
Dithmenos
Trog

Annotations:
D:3 1 runed translucent door


Innate Abilities, Weirdness & Mutations

You cannot wear most types of armour.
You are very stealthy in the water. (Stealth+)
You are amphibious.
You can wear up to eight rings at the same time.
You can use your tentacles to constrict eight enemies at once.
Your skin changes colour to match your surroundings (Stealth+).
Your rubbery body absorbs attacks. (AC +1, EV +1)


Message History

The orc wizard is severely wounded.
You constrict the orc wizard.
You feel sick.
The orc wizard points at you and mumbles some strange words.
You are confused.
The orc misses you.
You're too confused to cast spells.
Unknown command.
Unknown command.
You hit the orc wizard but do no damage.
You squeeze the orc wizard.
The orc wizard is severely wounded.
You constrict the orc wizard.
You feel sick. The orc wizard closely misses you.
The orc hits you with a +0 mace.
* * * LOW HITPOINT WARNING * * *
You release your grip on the orc wizard.
* * * LOW HITPOINT WARNING * * *
You feel sick.
The orc wizard points at you and mumbles some strange words.
The magic dart hits you!
You die...

### #.# #####.# #.....#
#@################
#.................
......oo################
........' ......# ####
........## #....###...
..........####..........
#.(..##.........#.........
#...............#.........
#.......#.................


You could see an orc wizard and an orc.

Vanquished Creatures
  An orc priest (D:2)
  An orc wizard (D:2)
  2 gnolls (D:3)
  3 adders
  An ooze (D:1)
  A worm (D:2)
  3 dart slugs
  4 giant cockroaches
  7 goblins
  6 hobgoblins
  3 jackals
  A ball python (D:3)
  6 bats
  A frilled lizard (D:3)
  6 kobolds
  5 rats
51 creatures vanquished.

Vanquished Creatures (others)
  9 toadstools (D:2)
9 creatures vanquished.

Grand Total: 60 creatures vanquished

Notes
Turn   | Place    | Note
-------+----------+-------------------------------------------
     0 | D:1      | MisterFreud the Octopode Fire Elementalist began the quest
                  | for the Orb.
     0 | D:1      | Reached XP level 1. HP: 11/11 MP: 3/3
   215 | D:1      | Reached XP level 2. HP: 14/17 MP: 3/5
   977 | D:2      | Reached XP level 3. HP: 10/21 MP: 6/6
  1335 | D:2      | Found a shadowy altar of Dithmenos.
  1576 | D:1      | Learned a level 3 spell: Conjure Flame
  2178 | D:3      | Reached XP level 4. HP: 26/27 MP: 7/7
  2193 | D:3      | Found a snail-covered altar of Cheibriados.
  2293 | D:3      | Became a worshipper of Cheibriados the Contemplative
  2381 | D:3      | Found a bloodstained altar of Trog.
  2856 | D:3      | Found a runed translucent door.
  2955 | D:2      | Reached XP level 5. HP: 31/31 MP: 6/9
  2966 | D:2      | Killed from afar by an orc wizard

Levels and vault maps discovered:
D:1:      nicolae_arrival_washed_ashore, layout_rooms
D:2:      cheibrodos_fertilizer, layout_basic,
          nicolae_dithmenos_through_a_glass_darkly
D:3:      layout_loops_cross, kennysheep_slug_shrine,
          nicolae_overflow_crystal_walls, uniq_crazy_yiuf_cottage, uniq_sigmund

Skill      XL: |  1  2  3 |
---------------+----------+-----
Conjurations   | 2 3 |  3.9
Dodging        | |  2.0
Stealth        | |  2.6
Spellcasting   | |  2.8
Fire Magic     | |  3.8

Action                   |  1- 3 |  4- 6 || total
-------------------------+-------+-------++-------
Melee: Dagger            |    65 |    27 ||    92
       Constrict         |    20 |    11 ||    31
       Tentacles         |    16 |     8 ||    24
       Unarmed           |     2 |       ||     2
 Cast: Flame Tongue      |    12 |    12 ||    24
  Use: Scroll            |       |     3 ||     3
 Stab: Sleeping          |     8 |     7 ||    15
  Eat: Chunk             |     4 |     2 ||     6
Armor: Skin              |    18 |     3 ||    21
Dodge: Dodged            |    68 |    18 ||    86
Block: Other             |       |     3 ||     3

Table legend:
 A = Non-vault XP
 B = Vault XP
 C = Vault XP percentage of total XP
 D = Non-vault monster count
 E = Vault monster count
 F = Vault count percentage of total count
                 A         B        C        D         E       F
            +---------+---------+-------+---------+---------+-------
      Total |     236 |       4 |   1.7 |      50 |       1 |   2.0
            +---------+---------+-------+---------+---------+-------
        D:1 |      35 |       0 |   0.0 |      17 |       0 |   0.0
        D:2 |     125 |       0 |   0.0 |      16 |       0 |   0.0
        D:3 |      76 |       4 |   5.0 |      17 |       1 |   5.6
            +---------+---------+-------+---------+---------+-------
